 Dungeon Crawl Stone Soup version 0.17.1-2-g5865329 (webtiles) character file.

46 kaze the Ruffian (level 3, -13/37 HPs)
             Began as a Troll Berserker on Jan 27, 2016.
             Was a Believer of Trog.
             Mangled by a gnoll
             ... wielding a +0 halberd
              (15 damage)
             ... on level 3 of the Dungeon.
             The game lasted 00:06:27 (1546 turns).

kaze the Ruffian (Troll Berserker)                  Turns: 1546, Time: 00:06:27

Health: -13/37     AC:  6    Str: 26    XL:     3   Next: 44%
Magic:  1/2        EV: 10    Int:  3    God:    Trog [**....]
Gold:   159        SH:  0    Dex:  9    Spells: 0 memorised, 2 levels left

rFire  . . .     SeeInvis .     c - +0 short sword
rCold  . . .     Clarity  .     a - +0 animal skin
rNeg   . . .     SustAt   .     (no shield)
rPois  .         Gourm    +     d - +1 hat
rElec  .         Spirit   .     (no cloak)
rCorr  .         Warding  .     (gloves unavailable)
rMut   .         Stasis   .     (boots unavailable)
MR     ++...                    (no amulet)
Stlth  +.........               (no ring)
                                (no ring)

@: exhausted, regenerating, slowed, very slow, very resistant to hostile
enchantments, very unstealthy
A: unfitting armour, claws 3, fast metabolism 3, gourmand, regeneration 2,
shaggy fur 1, tough skin 2
a: Berserk, Trog's Hand, Burn Spellbooks, Renounce Religion


You were on level 3 of the Dungeon.
You worshipped Trog.
Trog was pleased with you.
You were not hungry.

You visited 1 branch of the dungeon, and saw 3 of its levels.

You collected 159 gold pieces.

Inventory:

Hand Weapons
 c - a +0 short sword (weapon)
Armour
 a - a +0 animal skin (worn)
 d - a +1 hat (worn)
Scrolls
 e - 3 scrolls of identify {unknown}
 g - a scroll of magic mapping {unknown}
 l - a scroll of remove curse {unknown}
Potions
 h - a potion of flight {unknown}
 k - a potion of haste {unknown}
 m - a potion of lignification {unknown}
Comestibles
 b - 3 bread rations
 f - a slice of pizza
 i - 2 beef jerkies
 j - a meat ration


   Skills:
 + Level 3.0 Fighting
 + Level 0.1 Short Blades
 + Level 3.0 Dodging
 + Level 3.2 Unarmed Combat


You had 2 spell levels left.
You didn't know any spells.

Dungeon Overview and Level Annotations

Branches:
Dungeon (3/15)

Altars:
Kikubaaqudgha


Innate Abilities, Weirdness & Mutations

You are too large for most types of armour.
You have claws for hands.
Your metabolism is lightning-fast.
You like to eat raw meat.
You heal very quickly.
You are covered in fur (AC +1).
You have very tough skin (AC +2).


Message History

You hit the gnoll but do no damage.
The gnoll is lightly wounded.
The gnoll barely misses you. The eye of draining gazes at you.
You hit the gnoll but do no damage.
The gnoll is lightly wounded.
The gnoll hits you with a halberd. The gnoll hits you with a halberd!
* * * LOW HITPOINT WARNING * * *
You hit the gnoll.
The gnoll is moderately wounded.
The gnoll hits you but does no damage.
Your skin crawls.
You feel resistant to hostile enchantments.
You feel slightly more hungry. The gnoll completely misses you.
You hit the gnoll.
The gnoll is severely wounded.
The gnoll hits you with a halberd!
* * * LOW HITPOINT WARNING * * *
The gnoll hits you with a halberd!
You die...

##### ###########
####...# #..........
#....#.# #.#########
#...# #.# ##@## ##.##
###g# ##...######
#.GK####..........
......#...........####
?.....######.....##
[.....#######...####
..8$#..............#
...# ########...##.#
### ##.### #


You could see an eye of draining, a gnoll and a kobold.

Vanquished Creatures
  2 adders
  A worm (D:2)
  An orc (D:3)
  4 goblins
  3 hobgoblins
  4 bats
  2 giant newts (D:1)
  6 kobolds
  A quokka (D:2)
  7 rats (D:2)
  A plant (D:3)
32 creatures vanquished.

Vanquished Creatures (others)
  4 toadstools (D:1)
4 creatures vanquished.

Grand Total: 36 creatures vanquished

Notes
Turn   | Place    | Note
--------------------------------------------------------------
     0 | D:1      | kaze the Troll Berserker began the quest for the Orb.
     0 | D:1      | Reached XP level 1. HP: 22/22 MP: 0/0
   230 | D:1      | Reached XP level 2. HP: 27/29 MP: 1/1
  1035 | D:2      | Reached XP level 3. HP: 11/36 MP: 2/2
  1079 | D:2      | Reached ** piety under Trog
  1457 | D:3      | Found an ancient bone altar of Kikubaaqudgha.
  1524 | D:3      | Noticed an eye of draining
  1525 | D:3      | Noticed an eye of draining
  1546 | D:3      | Mangled by a gnoll

Action                   || total
-------------------------++-------
Melee: Short sword       ||   172
       Unarmed           ||     3
Invok: Berserk           ||     1
       Trog's Hand       ||     1
  Eat: Chunk             ||    11
       Bread ration      ||     1
